MLB
MONTREAL EXPOS @ DETROIT TIGERS
09/03/2048
 
TOP OF THE 1ST
Montreal Expos batting - Pitching for Detroit Tigers : RHP Melvin Medellin
Pitching: RHP Melvin Medellin
Batting: LHB Bill McGregor 0-0: Ball
1-0: Foul Ball, location: 2F
1-1: Called Strike
1-2: Strikes out swinging
Batting: LHB Steve Anderson 0-0: Ball
1-0: Ball
2-0: Ball
3-0: Called Strike
3-1: Called Strike
3-2: SOLO HOME RUN (Flyball, 9LD, EV 93.1 MPH), Distance : 357 ft
Batting: RHB John Ham 0-0: Ball
1-0: Ball
2-0: Ball
3-0: Base on Balls
Batting: LHB Austin Ohmer 0-0: Foul Ball, location: 2F
0-1: Ball
1-1: SINGLE (Line Drive, 78S, EV 99.4 MPH)
John Ham to second
Batting: RHB Steve French 0-0: Ball
1-0: Grounds into double play, 5-4-3 (Groundball, 56, EV 109.4 MPH)
Top of the 1st over - 1 run, 2 hits, 0 errors, 1 left on base; Montreal 1 - Detroit 0
BOTTOM OF THE 1ST
Detroit Tigers batting - Pitching for Montreal Expos : RHP Jonathan Jackson
Pitching: RHP Jonathan Jackson
Batting: LHB Frank McConnell 0-0: Fly out, F8 (Line Drive, 8RM, EV 99.4 MPH)
Batting: RHB Rich Stinson 0-0: Called Strike
0-1: Foul Ball, location: 2F
0-2: Ground out 5-3 (Groundball, 56, EV 110.6 MPH)
Batting: LHB Morgan Black 0-0: Called Strike
0-1: Called Strike
0-2: SINGLE (Groundball, 4D, EV 110.0 MPH)
Batting: RHB Chris Wheatley 0-0: Called Strike
0-1: Called Strike
0-2: Fielders Choice at 2nd, 6-4 (Groundball, 6, EV 103.1 MPH)
Bottom of the 1st over - 0 runs, 1 hit, 0 errors, 1 left on base; Montreal 1 - Detroit 0
TOP OF THE 2ND
Montreal Expos batting - Pitching for Detroit Tigers : RHP Melvin Medellin
Batting: SHB Lou Kroneman 0-0: Called Strike
0-1: Foul Ball, location: 2F
0-2: Ball
1-2: Ball
2-2: Ball
3-2: Base on Balls
Batting: RHB Eugênio Asceno 0-0: Ball
1-0: Ball
2-0: Ball
3-0: Called Strike
3-1: Sac Bunt to 5S - play at first, batter OUT! 5-3
Lou Kroneman to second
Batting: LHB Mark Marvin 0-0: Ball
1-0: Called Strike
1-1: Ball
2-1: Reached on error, E3 (Groundball, 34, EV 109.4 MPH)
Lou Kroneman scores
Batting: SHB Joey Pacheco 0-0: Swinging Strike
0-1: Called Strike
0-2: Ball
1-2: Foul Ball, location: 2F
1-2: Strikes out swinging
Batting: LHB Bill McGregor 0-0: TRIPLE (Flyball, 89XD, EV 95.0 MPH)
Mark Marvin scores
Batting: LHB Steve Anderson 0-0: DOUBLE (Line Drive, 7LS, EV 110.6 MPH)
Bill McGregor scores
Batting: RHB John Ham 0-0: Called Strike
0-1: Ball
1-1: Ball
2-1: Foul Ball, location: 2F
2-2: Ball
3-2: Foul Ball, location: 2F
3-2: Strikes out looking
Top of the 2nd over - 3 runs, 2 hits, 1 error, 1 left on base; Montreal 4 - Detroit 0
BOTTOM OF THE 2ND
Detroit Tigers batting - Pitching for Montreal Expos : RHP Jonathan Jackson
Batting: LHB Conrad Taylor 0-0: Called Strike
0-1: Ball
1-1: Ball
2-1: Fly out, F7 (Flyball, 8LS, EV 86.2 MPH)
Batting: RHB Adrian Novakovic 0-0: Called Strike
0-1: Ball
1-1: Fly out, F3 (Popup, 3L, EV 73.8 MPH)
Batting: SHB Adam Weber 0-0: Swinging Strike
0-1: Ball
1-1: Fly out, F8 (Flyball, 8LD, EV 90.0 MPH)
Bottom of the 2nd over - 0 runs, 0 hits, 0 errors, 0 left on base; Montreal 4 - Detroit 0
TOP OF THE 3RD
Montreal Expos batting - Pitching for Detroit Tigers : RHP Melvin Medellin
Batting: LHB Austin Ohmer 0-0: Ball
1-0: Ball
2-0: Foul Ball, location: 2F
2-1: Called Strike
2-2: Strikes out looking
Batting: RHB Steve French 0-0: Ball
1-0: Ball
2-0: Foul Ball, location: 2F
2-1: DOUBLE (Line Drive, 7LM, EV 110.6 MPH)
Batting: SHB Lou Kroneman 0-0: Ball
1-0: Ball
2-0: Ground out 4-3 (Groundball, 4, EV 85.6 MPH)
Steve French to third
Batting: RHB Eugênio Asceno 0-0: Called Strike
0-1: Foul Ball, location: 2F
0-2: Foul Ball, location: 2F
0-2: Ball
1-2: Ground out 5-3 (Groundball, 56, EV 92.5 MPH)
Top of the 3rd over - 0 runs, 1 hit, 0 errors, 1 left on base; Montreal 4 - Detroit 0
BOTTOM OF THE 3RD
Detroit Tigers batting - Pitching for Montreal Expos : RHP Jonathan Jackson
Batting: SHB Ross Holland 0-0: Ball
1-0: Swinging Strike
1-1: Called Strike
1-2: Ball
2-2: Fly out, F8 (Flyball, 8RD, EV 102.5 MPH)
Batting: RHB Dan Friess 0-0: Called Strike
0-1: Ground out 3-1 (Groundball, 34, EV 98.8 MPH)
Batting: LHB Frank McConnell 0-0: Ball
1-0: Ball
2-0: Swinging Strike
2-1: Fly out, F7 (Flyball, 7, EV 95.0 MPH)
Bottom of the 3rd over - 0 runs, 0 hits, 0 errors, 0 left on base; Montreal 4 - Detroit 0
TOP OF THE 4TH
Montreal Expos batting - Pitching for Detroit Tigers : RHP Melvin Medellin
Batting: LHB Mark Marvin 0-0: Ball
1-0: Fly out, F8 (Flyball, 8LD, EV 101.9 MPH)
Batting: SHB Joey Pacheco 0-0: Foul Ball, location: 2F
0-1: Swinging Strike
0-2: Hit by Pitch
Batting: LHB Bill McGregor 0-0: Called Strike
0-1: Ball
1-1: Fly out, F9 (Flyball, 89S, EV 81.9 MPH)
Batting: LHB Steve Anderson 0-0: Ball
1-0: Swinging Strike
1-1: Ball
2-1: Ball
3-1: Called Strike
3-2: Fly out, F3 (Line Drive, 34, EV 65.0 MPH)
Top of the 4th over - 0 runs, 0 hits, 0 errors, 1 left on base; Montreal 4 - Detroit 0
BOTTOM OF THE 4TH
Detroit Tigers batting - Pitching for Montreal Expos : RHP Jonathan Jackson
Batting: RHB Rich Stinson 0-0: Ball
1-0: Ball
2-0: Foul Ball, location: 2F
2-1: Foul Ball, location: 2F
2-2: DOUBLE (Line Drive, 89XD, EV 110.0 MPH)
Batting: LHB Morgan Black 0-0: Ball
1-0: Foul Ball, location: 2F
1-1: Foul Ball, location: 2F
1-2: Ball
2-2: Strikes out swinging
Batting: RHB Chris Wheatley 0-0: Called Strike
0-1: Ball
1-1: Ground out 5-3 (Groundball, 56, EV 89.4 MPH)
Batting: LHB Conrad Taylor 0-0: Foul Ball, location: 2F
0-1: Ground out 4-3 (Groundball, 4, EV 101.9 MPH)
Bottom of the 4th over - 0 runs, 1 hit, 0 errors, 1 left on base; Montreal 4 - Detroit 0
TOP OF THE 5TH
Montreal Expos batting - Pitching for Detroit Tigers : RHP Melvin Medellin
Batting: RHB John Ham 0-0: Foul Ball, location: 2F
0-1: Ground out 6-3 (Groundball, 6M, EV 81.9 MPH)
Batting: LHB Austin Ohmer 0-0: Swinging Strike
0-1: Ball
1-1: Ball
2-1: Ball
3-1: Base on Balls
Batting: RHB Steve French 0-0: Called Strike
0-1: Grounds into double play, 4-6-3 (Groundball, 4M, EV 89.4 MPH)
Top of the 5th over - 0 runs, 0 hits, 0 errors, 0 left on base; Montreal 4 - Detroit 0
BOTTOM OF THE 5TH
Detroit Tigers batting - Pitching for Montreal Expos : RHP Jonathan Jackson
Batting: RHB Adrian Novakovic 0-0: Called Strike
0-1: Foul Ball, location: 2F
0-2: Fly out, F8 (Flyball, 8RD, EV 76.2 MPH)
Batting: SHB Adam Weber 0-0: Ball
1-0: SINGLE (Groundball, 56, EV 101.2 MPH)
Batting: SHB Ross Holland 0-0: Called Strike
0-1: Ball
Adam Weber is caught stealing 2nd base 2-6
1-1: Ground out 4-3 (Groundball, 4M, EV 82.5 MPH)
Bottom of the 5th over - 0 runs, 1 hit, 0 errors, 0 left on base; Montreal 4 - Detroit 0
TOP OF THE 6TH
Montreal Expos batting - Pitching for Detroit Tigers : RHP Melvin Medellin
Batting: SHB Lou Kroneman 0-0: Called Strike
0-1: Ball
1-1: Ball
2-1: Called Strike
2-2: Ball
3-2: Base on Balls
Batting: RHB Eugênio Asceno 0-0: Foul Ball, location: 2F
0-1: Foul Ball, location: 2F
0-2: Ball
1-2: Foul Ball, location: 2F
1-2: Foul Ball, location: 2F
1-2: Foul Ball, location: 2F
1-2: Strikes out swinging
Pitching: RHP Kevin Hockenbury
Batting: LHB Mark Marvin 0-0: Foul Ball, location: 2F
0-1: Foul Ball, location: 2F
0-2: Ball
1-2: Foul Ball, location: 2F
1-2: Foul Ball, location: 2F
1-2: SINGLE (Groundball, 4MD, EV 100.6 MPH) (infield hit)
Lou Kroneman to second
Batting: SHB Joey Pacheco 0-0: Ball
1-0: Ball
2-0: Ball
3-0: Base on Balls
Lou Kroneman to third
Mark Marvin to second
Batting: LHB Bill McGregor 0-0: Called Strike
0-1: Ball
1-1: Called Strike
1-2: Foul Ball, location: 2F
1-2: Fly out, F7 (Flyball, 78D, EV 89.4 MPH)
Batting: LHB Steve Anderson 0-0: Fielders Choice at 2nd, 6-4 (Groundball, 6, EV 103.8 MPH)
Top of the 6th over - 0 runs, 1 hit, 0 errors, 3 left on base; Montreal 4 - Detroit 0
BOTTOM OF THE 6TH
Detroit Tigers batting - Pitching for Montreal Expos : RHP Jonathan Jackson
Batting: RHB Dan Friess 0-0: Called Strike
0-1: Foul Ball, location: 2F
0-2: DOUBLE (Line Drive, 89D, EV 106.9 MPH)
Batting: LHB Frank McConnell 0-0: SINGLE (Groundball, 56, EV 106.9 MPH)
Dan Friess to third
Batting: RHB Rich Stinson 0-0: Ball
1-0: Ball
2-0: Ball
3-0: Called Strike
3-1: Fly out, F8 (Flyball, 8RD, EV 99.4 MPH)
Batting: LHB Morgan Black 0-0: Foul Ball, location: 2F
0-1: Ball
1-1: Ball
2-1: Ball
3-1: Fielders Choice at 2nd, 4-6 (Groundball, 34D, EV 81.2 MPH)
Dan Friess scores
Batting: RHB Chris Wheatley 0-0: Ball
1-0: Called Strike
1-1: SINGLE (Line Drive, 7S, EV 106.2 MPH)
Morgan Black to second
Runner from 2nd tries for 3rd, SAFE, throw by LF made to third
Batting: LHB Conrad Taylor 0-0: Swinging Strike
0-1: Ball
1-1: Ball
2-1: Ball
3-1: DOUBLE (Line Drive, 9LM, EV 100.0 MPH)
Morgan Black scores
Chris Wheatley to third
Runner from 3rd tries for Home, SAFE, throw by RF to home
Batting: RHB Adrian Novakovic 0-0: Ball
1-0: Foul Ball, location: 2F
1-1: Ball
2-1: Foul Ball, location: 2F
2-2: Foul Ball, location: 2F
2-2: Fly out, F7 (Line Drive, 7S, EV 100.0 MPH)
Bottom of the 6th over - 3 runs, 4 hits, 0 errors, 1 left on base; Montreal 4 - Detroit 3
TOP OF THE 7TH
Montreal Expos batting - Pitching for Detroit Tigers : RHP Kevin Hockenbury
Pitching: RHP Bobby Wright
Batting: RHB John Ham 0-0: Called Strike
0-1: Ball
1-1: Ball
2-1: Foul Ball, location: 2F
2-2: Foul Ball, location: 2F
2-2: Ball
3-2: Ground out 5-3 (Groundball, 5L, EV 81.2 MPH)
Batting: LHB Austin Ohmer 0-0: Ball
1-0: Foul Ball, location: 2F
1-1: Ground out 5-3 (Groundball, 5, EV 92.5 MPH)
Batting: RHB Steve French 0-0: Ball
1-0: Foul Ball, location: 2F
1-1: Swinging Strike
1-2: Strikes out looking
Top of the 7th over - 0 runs, 0 hits, 0 errors, 0 left on base; Montreal 4 - Detroit 3
BOTTOM OF THE 7TH
Detroit Tigers batting - Pitching for Montreal Expos : RHP Jonathan Jackson
Batting: SHB Adam Weber 0-0: Ball
1-0: Ball
2-0: Ball
3-0: Called Strike
3-1: Called Strike
3-2: Foul Ball, location: 2F
3-2: Ground out 3-1 (Groundball, 34S, EV 89.4 MPH)
Batting: SHB Ross Holland 0-0: Foul Ball, location: 2F
0-1: Hit by Pitch
Batting: RHB Dan Friess 0-0: Ball
Ross Holland steals 2nd base
1-0: Called Strike
1-1: Ball
2-1: Ground out 4-3 (Groundball, 4, EV 82.5 MPH)
Ross Holland to third
Batting: LHB Frank McConnell 0-0: Ball
1-0: Called Strike
1-1: Called Strike
1-2: Ball
2-2: Foul Ball, location: 2F
2-2: Foul Ball, location: 2F
2-2: Strikes out swinging
Bottom of the 7th over - 0 runs, 0 hits, 0 errors, 1 left on base; Montreal 4 - Detroit 3
TOP OF THE 8TH
Montreal Expos batting - Pitching for Detroit Tigers : RHP Bobby Wright
Batting: SHB Lou Kroneman 0-0: Swinging Strike
0-1: Swinging Strike
0-2: Hit by Pitch
Batting: RHB Eugênio Asceno 0-0: Sac Bunt to 15 - play at first, batter OUT! 1-3
Lou Kroneman to second
Batting: LHB Mark Marvin 0-0: Ball
1-0: Foul Ball, location: 2F
1-1: Called Strike
1-2: Ball
2-2: Strikes out swinging
Batting: SHB Joey Pacheco 0-0: Foul Ball, location: 2F
0-1: Ball
1-1: Fly out, F8 (Line Drive, 8RM, EV 97.5 MPH)
Top of the 8th over - 0 runs, 0 hits, 0 errors, 1 left on base; Montreal 4 - Detroit 3
BOTTOM OF THE 8TH
Detroit Tigers batting - Pitching for Montreal Expos : RHP Jonathan Jackson
Now at 2B: Joey Pacheco
Now at SS: Robby Juarez
Batting: RHB Rich Stinson 0-0: Foul Ball, location: 2F
0-1: Ball
1-1: Ball
2-1: Ground out 5-3 (Groundball, 56, EV 96.2 MPH)
DELAY Rain delay of 53 minutes in the 8th inning.
Pitching: RHP Zack Rust
Batting: LHB Morgan Black 0-0: Ball
1-0: Ball
2-0: SINGLE (Line Drive, 8RS, EV 94.4 MPH)
Batting: RHB Chris Wheatley 0-0: Called Strike
0-1: Called Strike
0-2: Foul Ball, location: 2F
0-2: Ball
1-2: Ball
2-2: Fly out, F4 (Flyball, 34D, EV 87.5 MPH)
Batting: LHB Conrad Taylor 0-0: Ball
1-0: Fly out, F7 (Flyball, 78D, EV 99.4 MPH)
Bottom of the 8th over - 0 runs, 1 hit, 0 errors, 1 left on base; Montreal 4 - Detroit 3
TOP OF THE 9TH
Montreal Expos batting - Pitching for Detroit Tigers : RHP Bobby Wright
Pitching: RHP Chris McCurdy
Batting: LHB Bill McGregor 0-0: Called Strike
0-1: Ball
1-1: Called Strike
1-2: Fly out, F8 (Flyball, 78M, EV 87.5 MPH)
Batting: LHB Steve Anderson 0-0: Called Strike
0-1: Ball
1-1: Fly out, F7 (Flyball, 7S, EV 83.8 MPH)
Batting: RHB John Ham 0-0: Ball
1-0: Ball
2-0: Swinging Strike
2-1: Called Strike
2-2: Ball
3-2: SINGLE (Groundball, 56S, EV 65.6 MPH) (infield hit)
Batting: LHB Austin Ohmer 0-0: Ball
1-0: Called Strike
1-1: Foul Ball, location: 2F
1-2: Ball
2-2: Foul Ball, location: 2F
2-2: Ball
3-2: Base on Balls
John Ham to second
Batting: RHB Steve French 0-0: Ball
1-0: Ball
2-0: Swinging Strike
2-1: Ball
3-1: Base on Balls
John Ham to third
Austin Ohmer to second
Batting: RHB Robby Juarez 0-0: SINGLE (Line Drive, 34D, EV 96.2 MPH)
John Ham scores
Austin Ohmer to third
Steve French to second
Runner from 3rd tries for Home, throw by RF and OUT! 9-2
Top of the 9th over - 1 run, 2 hits, 0 errors, 2 left on base; Montreal 5 - Detroit 3
BOTTOM OF THE 9TH
Detroit Tigers batting - Pitching for Montreal Expos : RHP Zack Rust
Pitching: RHP Jakub Kvacek
Now at 3B: Tommy Mize
Batting: RHB Adrian Novakovic 0-0: Ball
1-0: Swinging Strike
1-1: Called Strike
1-2: Ball
2-2: Ball
3-2: SINGLE (Line Drive, 4D, EV 96.2 MPH)
Batting: SHB Adam Weber 0-0: Called Strike
0-1: Fly out, F8 (Flyball, 8LXD, EV 101.9 MPH)
Batting: SHB Ross Holland 0-0: Ball
1-0: Ball
2-0: Foul Ball, location: 2F
2-1: Ball
3-1: Fly out, F8 (Line Drive, 8RM, EV 91.2 MPH)
Batting: RHB Dan Friess 0-0: Ball
1-0: Ball
2-0: Fielders Choice at 2nd, 6-4 (Groundball, 6, EV 106.2 MPH)
Bottom of the 9th over - 0 runs, 1 hit, 0 errors, 1 left on base; Montreal 5 - Detroit 3
Tuesday, March 28th , 2023 - OOTP Baseball 23.10 Build 110